 Dungeon Crawl Stone Soup version 0.28-a0-1130-gc51a68064b (webtiles) character file.

Game seed: 14321382549041318709

23 SensoryNuts the Slasher (level 2, -2/24 HPs)
             Began as a Demigod Gladiator on Dec 12, 2021.
             Succumbed to a kobold's poison
             ... on level 2 of the Dungeon.
             The game lasted 00:00:59 (919 turns).

SensoryNuts the Slasher (Demigod Gladiator)          Turns: 919, Time: 00:01:00

Health: -2/24      AC:  4    Str: 15    XL:     2   Next: 54%
Magic:  4/4        EV: 12    Int: 10    God:
Gold:   46         SH:  0    Dex: 15    Spells: 1/1 levels left

rFire   . . .      SeeInvis .   a - +0 long sword
rCold   . . .      Faith    .   (no shield)
rNeg    . . .      Spirit   .   b - +0 leather armour
rPois   .          Reflect  .   c - +0 helmet
rElec   .          Harm     .   (no cloak)
rCorr   .          Rampage  .   (no gloves)
Will    .....                   (no boots)
Stlth   +.........              (no amulet)
HPRegen 0.08/turn               (no ring)
MPRegen 0.09/turn               (no ring)

@: lethally poisoned (-2 -> -31)
A: high mp 1, forlorn, divine attributes
a: no special abilities


You were on level 2 of the Dungeon.
You visited 1 branch of the dungeon, and saw 2 of its levels.

You collected 46 gold pieces.

Inventory:

Hand Weapons
 a - a +0 long sword (weapon)
Missiles
 d - 3 throwing nets (quivered)
Armour
 b - a +0 leather armour (worn)
 c - a +0 helmet (worn)
Scrolls
 e - a scroll of identify
 f - a scroll of magic mapping


   Skills:
 + Level 1.8 Fighting
 + Level 3.2 Long Blades
 + Level 1.9 Throwing
 + Level 3.1 Dodging


You had one spell level left.
You didn't know any spells.
Your spell library was empty.

Dungeon Overview and Level Annotations

Branches:
Dungeon (2/15)


Innate Abilities, Weirdness & Mutations

You have an increased reservoir of magic. (+10% MP)
You shall have no god before yourself.
Your divine heritage dramatically boosts your attributes as you level up.


Message History

The kobold barely misses you.
You barely miss the kobold.
The ball python hisses angrily.
You hear an angry hiss.
The kobold hits you with a +2 dagger of venom.
You are poisoned.
You barely miss the kobold.
You feel very sick.
The kobold hits you with a +2 dagger of venom.
You are lethally poisoned!
You barely miss the kobold.
You feel very sick.
The kobold hits you with a +2 dagger of venom.
You are more poisoned.
You are too injured to fight recklessly!
You are too injured to fight recklessly!
You are too injured to fight recklessly!
You are too injured to fight recklessly!
You are too injured to fight recklessly!
You are too injured to fight recklessly!
You are too injured to fight recklessly!
You are too injured to fight recklessly!
There is a lethal amount of poison in your body!
There is a lethal amount of poison in your body!
Unknown command.
You aren't carrying any potions.
You aren't carrying any potions.
As you read the scroll labelled DAWIGRAPTI, it crumbles to dust.
It is a scroll of identify.
f - a scroll of magic mapping
* * * LOW HITPOINT WARNING * * *
You feel very sick. The kobold hits you but does no damage.
You are more poisoned.
The ball python barely misses you. The ball python grabs you.
The ball python constricts you.
Okay, then.
Unknown command.
You slash the ball python!
You kill the ball python!
You die...

.................#.....
........................
......>.................
................#.#.####
..................#.#
...........#####.####
...........####...#
............?.##.##
!..#..@.......###
......K.........#
##.##..S......... #
#.............
...............
#........#......
#........#.....
.........# ... .........


You could see a ball python and a kobold.

Vanquished Creatures
  2 dart slugs (D:1)
  A bat (D:1)
  2 endoplasms (D:1)
  2 giant cockroaches (D:1)
  A hobgoblin (D:1)
  2 jackals (D:1)
  A kobold (D:1)
  2 ball pythons
  A frilled lizard (D:1)
  5 rats
19 creatures vanquished.

Notes
Turn   | Place    | Note
-------+----------+-------------------------------------------
     0 | D:1      | SensoryNuts the Demigod Gladiator began the quest for the
                  | Orb.
     0 | D:1      | Reached XP level 1. HP: 17/17 MP: 3/3
   171 | D:1      | Reached XP level 2. HP: 24/24 MP: 4/4
   919 | D:2      | Succumbed to a kobold's poison

Illustrated notes

Levels and vault maps discovered:
D:1:      mushboom_english_gardens, layout_loops_ring, kennysheep_boxes
D:2:      cheibrodos_pilgrimage, layout_basic, nicolae_ecumenical_oubliette,
          amethyst_killhole, nrook_loot_triangle, kennysheep_generic_room_2

Skill      XL: |  1 |
---------------+----+-----
Long Blades    | 3 |  3.2
Dodging        | 3 |  3.1
Fighting       | |  1.8
Throwing       | |  1.9

Action                   || total
-------------------------++-------
Melee: Long sword        ||    57
  Use: Scroll            ||     1
Armor: Leather armour    ||    28
Dodge: Dodged            ||    37

Table legend: (Time is in decaauts)
 A = Elapsed time spent in this place.
 B = Non-inter-level travel time spent in this place.
 C = Inter-level travel time spent in this place.
 D = Time resting spent in this place.
 E = Time spent auto-exploring this place.
 F = Levels seen in this place.
 G = Mean time per level.
                   A        B        C        D        E       F      G
               +--------+--------+--------+--------+--------+-----+--------+
         Total |    962 |    962 |      0 |      0 |    725 |   2 |  481.0 |
       Dungeon |    962 |    962 |      0 |      0 |    725 |   2 |  481.0 |
               +--------+--------+--------+--------+--------+-----+--------+

Top non-repeatable levels by time:
     D:1: 889 daAuts
     D:2: 72 daAuts
